 Dungeon Crawl Stone Soup version 0.29.0-5-ge4962eb29e (webtiles) character file.

Game seed: 12305700742359786974

8050 greasedhog the Geomancer (level 11, -12/64 HPs)
             Began as a Gargoyle Earth Elementalist on Aug 29, 2022.
             Was a Believer of Vehumet.
             Mangled by a freezing wraith (14 damage)
             ... on level 10 of the Dungeon.
             The game lasted 00:18:13 (10876 turns).

greasedhog the Geomancer (GrEE)                    Turns: 10876, Time: 00:18:13

Health: -12/64     AC: 19    Str: 12    XL:     11   Next: 24%
Magic:  13/17      EV: 12    Int: 20    God:    Vehumet [**....]
Gold:   273        SH:  0    Dex: 10    Spells: 10/18 levels left

rFire   . . .      SeeInvis .   r - +8 demon blade "Leech" {vamp, Harm Drain rN+}
rCold   . . .      Faith    .   (no shield)
rNeg    + + +      Spirit   .   D - +0 leather armour
rPois   ∞          Reflect  .   m - +0 helmet
rElec   +          Harm     +   q - scarf {shadows}
rCorr   .          Rampage  .   G - +0 pair of gloves
Will    .....                   l - +0 pair of boots
Stlth   +++.......              (no amulet)
HPRegen 0.20/turn               f - +4 ring of protection
MPRegen 0.15/turn               H - ring of positive energy

@: mighty, slowed, very slow
A: sickness immunity, AC +8, negative energy resistance 1, electricity
resistance, torment resistance 1, petrification resistance
a: Renounce Religion


You were on level 10 of the Dungeon.
You worshipped Vehumet.
Vehumet was pleased with you.
You visited 2 branches of the dungeon, and saw 13 of its levels.

You collected 596 gold pieces.
You spent 323 gold pieces at shops.

Inventory:

Hand Weapons
 c - a +0 dagger
 o - a +2 spear of flaming
 r - the +8 demon blade "Leech" (weapon) {vamp, Harm Drain rN+}
   (You found it on level 3 of the Dungeon)

   It heals its wielder for a portion of the damage dealt every time it strikes
   a living foe.
   rN:        It protects you from negative energy.
   Drain:     It drains your maximum health when unequipped.
   Harm:      It increases damage dealt and taken.
Missiles
 j - 3 curare-tipped darts
 s - 4 throwing nets
Armour
 l - a +0 pair of boots (worn)
 m - a +0 helmet (worn)
 q - a scarf of shadows (worn)
 D - a +0 leather armour (worn)
 G - a +0 pair of gloves (worn)
Jewellery
 f - a +4 ring of protection (left hand)
 t - a ring of ice
 H - a ring of positive energy (right hand)
 I - an amulet of faith
 J - a ring of positive energy
Wands
 a - a wand of paralysis (2)
 i - a wand of light (5)
 k - a wand of iceblast (1)
 y - a wand of flame (9)
 E - a wand of mindburst (9)
Scrolls
 d - 5 scrolls of enchant weapon
 e - 2 scrolls of immolation
 g - 2 scrolls of amnesia
 p - 9 scrolls of teleportation
 A - 2 scrolls of butterflies
 C - a scroll of poison
Potions
 b - a potion of magic
 h - a potion of degeneration {unknown}
 n - 2 potions of flight {unknown}
 u - 4 potions of lignification
 v - 3 potions of haste
 w - 5 potions of curing
 x - 2 potions of might
 z - 2 potions of attraction {unknown}
 B - a potion of invisibility
 F - a potion of brilliance {unknown}
 K - 3 potions of heal wounds


   Skills:
 - Level 6.3 Fighting
 - Level 5.7 Armour
 - Level 5.1 Dodging
 - Level 5.5 Stealth
 - Level 4.0 Spellcasting
 * Level 4.5 Transmutations
 * Level 13.9 Earth Magic
 * Level 0.0 Evocations


You had 10 spell levels left.
You knew the following spells:

 Your Spells              Type           Power      Damage    Failure   Level
a - Sandblast             Erth           100%       2d20      1%          1
b - Stone Arrow           Conj/Erth      62%        3d10      2%          3
c - Petrify               Tmut/Erth      40%        N/A       3%          4

Your spell library contained the following spells:

 Spells                   Type           Power      Damage    Failure   Level
 Searing Ray              Conj           8%         2d4       24%         2
 Passwall                 Tmut/Erth      33%        N/A       1%          2
 Summon Small Mammal      Summ           16%        N/A       16%         1
 Ensorcelled Hibernation  Hex/Ice        8%         N/A       24%         2
 Static Discharge         Conj/Air       4%         3-4/arc   24%         2
 Borgnjor's Vile Clutch   Necr/Erth      15%        N/A       26%         5
 Call Canine Familiar     Summ           4%         N/A       43%         3
 Ozocubu's Armour         Ice            4%         N/A       43%         3
 Summon Guardian Golem    Hex/Summ       4%         N/A       43%         3
 Swiftness                Air            4%         N/A       43%         3
 Cause Fear               Hex            2%         N/A       85%         4
 Alistair's Intoxication  Tmut/Pois      8%         N/A       87%         5
 Lightning Bolt           Conj/Air       2%         1d13      99%         5
 Metabolic Englaciation   Hex/Ice        2%         N/A       99%         5
 Summon Forest            Summ/Tloc      2%         N/A       99%         5
 Summon Mana Viper        Hex/Summ       4%         N/A       99%         5
 Dispersal                Tloc           2%         N/A       100%        6
 Eringya's Noxious Bog    Tmut/Pois      6%         N/A       100%        6
 Simulacrum               Ice/Necr       2%         N/A       100%        6
 Summon Cactus Giant      Summ           2%         N/A       100%        6
 Dragon Form              Tmut           11%        N/A       100%        7
 Disjunction              Tloc           2%         N/A       100%        8
 Maxwell's Capacitive Co  Air            2%         ∞         100%        8
 Dragon's Call            Summ           2%         N/A       100%        9


Dungeon Overview and Level Annotations

Branches:
Dungeon (12/15)            Temple (1/1) D:7            Lair (0/5) D:8
    Orc: D:9-12

Altars:
Ashenzari
Cheibriados
Dithmenos
Elyvilon
Fedhas
Gozag
Hepliaklqana
Kikubaaqudgha
Makhleb
Nemelex Xobeh
Okawaru
Qazlal
Ru
Sif Muna
Trog
Uskayaw
Vehumet
Wu Jian
Xom
Yredelemnul
Zin
The Shining One

Shops:
D:5 *   D:8 [   D:9 *

Annotations:
D:9 2 transporters, apoch's ghost, novice MiFi
D:10 exclusion: orange crystal statue
D:12 Jorgrun


Innate Abilities, Weirdness & Mutations

You are immune to sickness and miasma.
Your stone body is resilient. (AC +8)
You are immune to poison.
You resist negative energy. (rN+)
You are resistant to electric shocks. (rElec)
You are resistant to unholy torment.
You are immune to petrification.


Message History

Press: ? - help, Shift-Dir - straight line, f/p - freezing wraith
Aim: a freezing wraith (lightly damaged, wandering, blind, hasn't noticed you, 85% to hit)
The blast of sand hits the freezing wraith but does no damage.
The freezing wraith is lightly damaged.
Unknown command.
Casting: Sandblast (safe; 1% risk of failure)
Confirm with . or Enter, or press ? or * to list all spells.
Aiming: Stone Arrow (dangerous; 2% risk of failure)
Press: ? - help, Shift-Dir - straight line, f/p - freezing wraith
Aim: a freezing wraith (lightly damaged, wandering, blind, hasn't noticed you, 74% to hit)
The stone arrow hits the freezing wraith!
The freezing wraith is moderately damaged.
Unknown command.
You barely miss the freezing wraith.
The freezing wraith is moderately damaged.
The freezing wraith closely misses you. The freezing wraith misses you.
The freezing wraith hits you but does no damage.
The freezing wraith hits you!
* * * LOW HITPOINT WARNING * * *
You hit the freezing wraith.
You punch the freezing wraith, but do no damage.
The freezing wraith is heavily damaged.
The freezing wraith hits you but does no damage.
The freezing wraith barely misses you.
You feel very mighty all of a sudden. The freezing wraith closely misses you.
The freezing wraith hits you but does no damage.
You hit the freezing wraith.
The freezing wraith is severely damaged.
The freezing wraith is no longer blind.
The freezing wraith closely misses you.
The freezing wraith hits you but does no damage.
You barely miss the freezing wraith.
The freezing wraith is severely damaged.
The freezing wraith closely misses you. The freezing wraith hits you.
* * * LOW HITPOINT WARNING * * *
The freezing wraith drains your vigour!
You feel yourself slow down. The freezing wraith hits you!
* * * LOW HITPOINT WARNING * * *
The freezing wraith freezes you!
You die...

.........8.....##
####............#
............##
##...............
...........?...#
####...........#
##....##....#
#.......###.####
#.#####.# #.W@>#
####.#####.###.####
........##.....## ..
####.........#..#...e
#.##.##.......#.(#
####........#####W...
.....##.###.# #...
.###.##.# #.# #$# .#
#.##.# #.# ##


You could see a freezing wraith.

Vanquished Creatures
  Fannar (D:10)
  A deep elf pyromancer (D:6)
  2 cyclopes
  An elephant (D:8)
  An unseen horror (D:10)
  Psyche (D:12)
  2 kobold demonologists (D:12)
  A hornet (D:9)
  A wyvern (D:8)
  A basilisk (D:8)
  6 yaks (D:10)
  Eustachio (D:4)
  A water moccasin (D:7)
  2 black bears
  2 orc warriors
  An ice beast (D:7)
  2 sky beasts
  2 ogres
  4 centaurs
  4 bullfrogs
  5 scorpions
  A necrophage (D:5)
  A gnoll sergeant (D:7)
  5 killer bees (D:9)
  5 howler monkeys
  4 orc priests
  2 hounds
  A gnoll bouda (D:6)
  A jelly (D:5)
  2 iguanas
  Ijyb (D:3)
  12 orc wizards
  Robin (D:2)
  15 gnolls
  5 adders
  A shadow imp (D:6)
  4 white imps
  An ufetubus (D:4)
  A worm (D:3)
  4 dart slugs (D:1)
  34 orcs
  5 endoplasms
  5 giant cockroaches
  23 goblins
  12 hobgoblins
  6 jackals
  7 quokkas
  4 ball pythons
  7 bats
  3 frilled lizards
  7 kobolds
  6 rats
228 creatures vanquished.

Vanquished Creatures (collateral kills)
  2 orcs (D:3)
2 creatures vanquished.

Vanquished Creatures (others)
  An orc wizard (D:7)
  6 fungi (D:3)
  4 plants (D:3)
11 creatures vanquished.

Grand Total: 241 creatures vanquished

Notes
Turn   | Place    | Note
-------+----------+-------------------------------------------
     0 | D:1      | greasedhog the Gargoyle Earth Elementalist began the quest
                  | for the Orb.
     0 | D:1      | Reached XP level 1. HP: 10/10 MP: 3/3
   122 | D:1      | Reached XP level 2. HP: 5/15 MP: 0/5
   536 | D:1      | Reached skill level 4 in Earth Magic
   648 | D:1      | Reached XP level 3. HP: 19/19 MP: 0/6
  1474 | D:2      | Noticed Robin
  1481 | D:2      | Killed Robin
  1482 | D:2      | Reached XP level 4. HP: 24/24 MP: 1/8
  2147 | D:3      | Learned a level 3 spell: Stone Arrow
  2253 | D:3      | Found the +8 demon blade "Leech" {vamp, Harm Drain rN+}
  2348 | D:3      | Reached skill level 5 in Earth Magic
  2380 | D:3      | Reached XP level 5. HP: 9/28 MP: 8/10
  2386 | D:3      | HP: 1/28 [orc priest/+0 morningstar (9)]
  2711 | D:3      | Found a faded altar of an unknown god.
  3031 | D:3      | Noticed Ijyb
  3056 | D:3      | Killed Ijyb
  3387 | D:4      | Reached XP level 6. HP: 32/32 MP: 9/12
  3419 | D:4      | Reached skill level 6 in Earth Magic
  3772 | D:4      | Noticed a black bear
  3774 | D:4      | Killed a black bear
  3775 | D:4      | Reached XP level 7. HP: 35/36 MP: 10/13
  3874 | D:4      | Reached skill level 7 in Earth Magic
  4277 | D:4      | Noticed Eustachio
  4283 | D:4      | Killed Eustachio
  4284 | D:4      | Reached skill level 5 in Stealth
  4371 | D:4      | Reached skill level 1 in Fighting
  4492 | D:5      | Entered Level 5 of the Dungeon
  4530 | D:5      | Reached skill level 8 in Earth Magic
  4530 | D:5      | Reached XP level 8. HP: 44/44 MP: 8/14
  4694 | D:5      | Found Ditytz's General Store.
  4704 | D:5      | Bought a potion of heal wounds for 70 gold pieces
  4704 | D:5      | Bought a potion of invisibility for 112 gold pieces
  4704 | D:5      | Bought a scroll of poison for 56 gold pieces
  5290 | D:5      | Reached skill level 9 in Earth Magic
  5427 | D:6      | Found a sacrificial altar of Ru.
  5765 | D:6      | Noticed a deep elf pyromancer
  5774 | D:6      | Killed a deep elf pyromancer
  5775 | D:6      | Reached skill level 10 in Earth Magic
  5775 | D:6      | Reached XP level 9. HP: 39/55 MP: 12/15
  6771 | D:7      | Reached skill level 11 in Earth Magic
  6898 | D:7      | Found a staircase to the Ecumenical Temple.
  6907 | Temple   | Entered the Ecumenical Temple
  6986 | Temple   | Became a worshipper of Vehumet
  7342 | D:7      | Found a glowing silver altar of Zin.
  7413 | D:8      | Learned a level 4 spell: Petrify
  7648 | D:8      | Reached * piety under Vehumet
  7648 | D:8      | Offered knowledge of Freeze by Vehumet.
  7655 | D:8      | Found Aghejyv's Armour Emporium.
  7809 | D:8      | Found a staircase to the Lair.
  7809 | D:8      | Noticed an elephant
  7847 | D:8      | Reached skill level 12 in Earth Magic
  7847 | D:8      | Reached XP level 10. HP: 32/60 MP: 12/16
  8118 | D:8      | Killed an elephant
  8119 | D:8      | Reached skill level 5 in Dodging
  8388 | D:9      | Found a bloodstained altar of Trog.
  8388 | D:9      | Found an ancient bone altar of Kikubaaqudgha.
  8389 | D:9      | Found a hazy altar of Hepliaklqana.
  8414 | D:9      | Reached skill level 1 in Transmutations
  8431 | D:9      | Reached skill level 1 in Armour
  8586 | D:9      | Found Ripsorum's General Store.
  8593 | D:9      | Bought a potion of curing for 51 gold pieces
  8593 | D:9      | Bought a scroll of identify for 34 gold pieces
  8758 | D:9      | Found a transporter.
  8761 | D:9      | Noticed a brown ugly thing
  8762 | D:9      | Noticed a toenail golem
  8776 | D:9      | Found a transporter.
  8780 | D:9      | Noticed a toenail golem
  8888 | D:9      | Noticed apoch's ghost (novice MiFi)
  8961 | D:9      | Found an iron altar of Okawaru.
  9015 | D:9      | You fall into a shaft and drop 3 floors!
  9019 | D:12     | Noticed a kobold demonologist
  9020 | D:12     | Noticed a kobold demonologist
  9023 | D:12     | Killed a kobold demonologist
  9030 | D:12     | Killed a kobold demonologist
  9038 | D:12     | Noticed Psyche
  9043 | D:12     | Killed Psyche
  9044 | D:12     | Reached skill level 13 in Earth Magic
  9323 | D:12     | Noticed a cyclops
  9328 | D:12     | Killed a cyclops
  9408 | D:12     | Noticed Jorgrun
  9564 | D:12     | Reached ** piety under Vehumet
  9604 | D:11     | Noticed a cyclops
  9610 | D:11     | Killed a cyclops
  9853 | D:10     | Entered Level 10 of the Dungeon
  9864 | D:10     | Noticed a deep elf pyromancer
  9871 | D:10     | Noticed an orange crystal statue
  9889 | D:10     | Killed an unseen horror
  9889 | D:10     | Offered knowledge of Searing Ray by Vehumet.
  9890 | D:10     | Reached XP level 11. HP: 34/64 MP: 13/17
 10065 | D:10     | Reached skill level 5 in Armour
 10259 | D:10     | Noticed Fannar
 10268 | D:10     | Killed Fannar
 10876 | D:10     | HP: 2/64 [freezing wraith (9)]
 10876 | D:10     | Mangled by a freezing wraith

Illustrated notes

Levels and vault maps discovered:
D:1:      dpeg_arrival_three_smaller_balls, layout_basic, hex_tiny,
          minmay_statues_item, st_stairs_9, minmay_misc_feat_more_columns,
          minmay_tiny_reverse_x
D:2:      layout_rooms, uniq_robin
D:3:      layout_loops_ring, shapermc_ecumenical_altar_mp_urbaneastern,
          st_stairs_13, chequers_serial_rivers_small_a, uniq_ijyb
D:4:      layout_loops_cross, minmay_ogre_servants, uniq_eustachio
D:5:      layout_loops_ring, serial_shops, shop_statue
D:6:      layout_basic, nicolae_ru_path_of_blood, guppyfry_early_elven_hall
D:7:      layout_loops_corners, zin_scriptorium, minmay_temple_entry_mist
D:8:      layout_gridville, david_lair_generic, serial_shops,
          nicolae_shop_window_shopping
D:9:      layout_loops_cross, nicolae_overflow_quartered_altars,
          gammafunk_ghost_abyssal_escape, serial_shops, shop, grunt_ministairs_7
D:10:     minmay_bloctagon_deflated, layout_loops_ring, minivault_16,
          uniq_fannar
D:11:     minmay_the_grid_plus [minmay_the_grid_pillar_ring,
          minmay_the_grid_tree, minmay_the_grid_box_x, minmay_the_grid_paths,
          minmay_the_grid_prize_diamond_cup], layout_basic,
          minmay_orc_entry_temple_small, serial_shops,
          nicolae_shop_behind_doors, shop, uniq_nergalle, uniq_lodul
D:12:     nicolae_whirlpool, layout_grid_maze, uniq_jorgrun, uniq_psyche
Temple:   nicolae_temple_x_marks_the_god

Skill      XL: |  1  2  3  4  5  6  7  8  9 10 11 |
---------------+----------------------------------+-----
Earth Magic    | 4 5 6 8 10 12 13 | 13.9
Spellcasting   | 3 4 |  4.0
Stealth        | 4 5 |  5.5
Fighting       | 1 6 |  6.3
Dodging        | 4 5 |  5.1
Transmutations | 3 4 |  4.5
Armour         | 4 5 |  5.7

Action                   |  1- 3 |  4- 6 |  7- 9 | 10-12 || total
-------------------------+-------+-------+-------+-------++-------
Melee: Dagger            |    22 |    11 |       |       ||    33
       Punch             |     1 |       |       |     2 ||     3
       Spear             |       |     3 |       |       ||     3
       Demon blade       |       |    13 |    35 |    45 ||    93
 Cast: Sandblast         |    49 |    80 |   127 |    77 ||   333
       Stone Arrow       |       |       |     1 |     6 ||     7
Evoke: Wand              |       |       |     1 |     6 ||     7
  Use: Scroll            |       |     6 |     4 |    10 ||    20
       Potion            |       |       |     1 |     1 ||     2
 Stab: Sleeping          |       |       |     2 |     1 ||     3
Armor: Robe              |    22 |    19 |    28 |       ||    69
       Leather armour    |       |       |    17 |   128 ||   145
Dodge: Dodged            |    27 |    36 |    62 |    93 ||   218
